 Dungeon Crawl Stone Soup version 0.26-a0-1205-g4083c211ab (webtiles) character file.

Game seed: 17036534361654362910

125208 Mesmaeker13 the Reanimator (level 16, -10/109 HPs)
             Began as a Mummy Necromancer on Dec 28, 2020.
             Was the Champion of Nemelex Xobeh.
             Shot with a bolt by Vashnia (32 damage)
             ... on level 3 of the Snake Pit on Dec 29, 2020.
             The game lasted 01:45:24 (46918 turns).

Mesmaeker13 the Reanimator (Mummy Necromancer)     Turns: 46918, Time: 01:45:29

Health: -10/109    AC: 10    Str: 13    XL:     16   Next: 41%
Magic:  23/30      EV: 15    Int: 21    God:    Nemelex Xobeh [******]
Gold:   1829       SH: 16    Dex: 13    Spells: 18/36 levels left

rFire    + . .     SeeInvis +   a - +5 hand axe of Vanity {pain, Str+2}
rCold    + + .     Faith    .   e - +1 kite shield {reflect}
rNeg     + + +     Spirit   .   f - +2 leather armour {rF+}
rPois    ∞         Reflect  +   h - +0 mask of the Dragon {Will+ Slay+3 SInv}
rElec    .         Harm     .   I - +2 cloak {rCorr}
rCorr    +         Rampage  .   (no gloves)
Will     +++..                  n - +1 pair of boots
Stlth    ++........             C - amulet of reflection
HPRegen  0.28/turn              H - ring of protection from fire
MPRegen  0.22/turn              y - ring of protection from cold

@: no status effects
A: no potions, fire vulnerability, cold resistance 1, negative energy resistance
3, torment resistance, unbreathing, in touch with death 1
a: Renounce Religion, Draw Escape, Draw Destruction, Draw Summoning, Triple
Draw, Deal Four, Stack Five


You were on level 3 of the Snake Pit.
You worshipped Nemelex Xobeh.
Nemelex Xobeh was exalted by your worship.
You visited 5 branches of the dungeon, and saw 27 of its levels.
You also visited: Ice Cave.

You collected 2811 gold pieces.
You spent 982 gold pieces at shops.

Inventory:

Hand Weapons
 a - the +5 hand axe of Vanity (weapon) {pain, Str+2}
   (You bought it in a shop on level 2 of the Orcish Mines)

   In the hands of one skilled in necromantic magic, it inflicts extra damage on
   living creatures.
   It affects your strength (+2).
 i - a +1 scimitar of flaming
 s - a +4 broad axe
 J - the +5 scimitar of Hell's Wrath {freeze, Int+4 Dex+6}
   (You found it on level 5 of the Lair of Beasts)

   It has been specially enchanted to freeze those struck by it, causing extra
   injury to most foes and up to half again as much damage against particularly
   susceptible opponents.
   It can also slow down cold-blooded creatures.
   It affects your intelligence (+4).
   It affects your dexterity (+6).
Missiles
 l - 11 javelins (quivered)
 p - 2 throwing nets
Armour
 e - a +1 kite shield of reflection (worn)
 f - a +2 leather armour of fire resistance (worn)
 h - the +0 mask of the Dragon (worn) {Will+ Slay+3 SInv}
   (You found it on level 12 of the Dungeon)

   It affects your accuracy and damage with ranged weapons and melee attacks
   (+3).
   It affects your willpower, your defense against some magical effects.
   It lets you see invisible.
 n - a +1 pair of boots (worn)
 I - a +2 cloak of preservation (worn)
Jewellery
 q - an uncursed ring of flight
 t - an uncursed ring of ice
 y - a ring of protection from cold (right hand)
 C - an amulet of reflection (around neck)
 H - a ring of protection from fire (left hand)
Wands
 c - a wand of paralysis (5)
 d - a wand of disintegration (8)
Scrolls
 b - 8 scrolls of teleportation
 g - 6 scrolls of identify
 j - 5 scrolls of magic mapping
 m - 4 scrolls of fear
 o - a scroll of amnesia
 w - 6 scrolls of fog
 x - 2 scrolls of silence
 z - 12 scrolls of remove curse
 B - 5 scrolls of blinking
Miscellaneous
 k - a box of beasts


   Skills:
 - Level 5.1 Fighting
 - Level 4.2(6.2) Axes
 - Level 7.0(7.6) Polearms
 - Level 9.5 Dodging
 - Level 1.5 Stealth
 + Level 7.7 Shields
 - Level 10.8 Spellcasting
 + Level 14.6 Necromancy
 + Level 11.4 Earth Magic
 - Level 10.4 Invocations


You had 18 spell levels left.
You knew the following spells:

 Your Spells              Type           Power        Failure   Level
a - Pain                  Necr           100%         1%          1
b - Vampiric Draining     Necr           41%          1%          3
c - Animate Dead          Necr           41%          1%          4
d - Agony                 Necr           83%          1%          5
e - Borgnjor's Vile Clut  Necr/Erth      39%          2%          5

Your spell library contained the following spells:

 Spells                   Type           Power        Failure   Level
 Animate Skeleton         Necr           100%         1%          1
 Corpse Rot               Necr/Air       N/A          1%          2
 Stone Arrow              Conj/Erth      70%          5%          3
 Death Channel            Necr           41%          8%          6
 Apportation              Tloc           22%          21%         1
 Corona                   Hex            12%          21%         1
 Freeze                   Ice            44%          21%         1
 Summon Small Mammal      Summ           44%          21%         1
 Ensorcelled Hibernation  Hex/Ice        22%          30%         2
 Poisonous Vapours        Pois/Air       22%          30%         2
 Frozen Ramparts          Ice            22%          52%         3
 Ozocubu's Armour         Ice            11%          52%         3
 Bolt of Magma            Conj/Fire/Erth 13%          75%         5
 Simulacrum               Ice/Necr       29%          83%         6
 Hailstorm                Conj/Ice       11%          89%         4
 Summon Ice Beast         Ice/Summ       11%          89%         4
 Iron Shot                Conj/Erth      17%          96%         6
 Alistair's Intoxication  Tmut/Pois      7%           99%         5
 Iskenderun's Battlesphe  Conj           11%          99%         5
 Metabolic Englaciation   Hex/Ice        5%           99%         5
 Summon Forest            Summ/Tloc      5%           99%         5
 Eringya's Noxious Bog    Tmut/Pois      5%           100%        6
 Ozocubu's Refrigeration  Ice            5%           100%        6
 Orb of Destruction       Conj           5%           100%        7
 Spellforged Servitor     Conj/Summ      5%           100%        7
 Summon Hydra             Summ           5%           100%        7
 Beastly Appendage        Tmut           Unusable     N/A         1
 Wereblood                Tmut           Unusable     N/A         2
 Spider Form              Tmut/Pois      Unusable     N/A         3
 Ice Form                 Ice/Tmut       Unusable     N/A         4
 Blade Hands              Tmut           Unusable     N/A         5
 Hydra Form               Tmut           Unusable     N/A         6

Dungeon Overview and Level Annotations

Branches:
Dungeon (15/15)            Temple (0/1) D:5            Lair (6/6) D:11
  Swamp (0/4) Lair:2        Snake (3/4) Lair:2        Slime (1/5) Lair:5
    Orc (2/2) D:11            Elf (0/3) Orc:2        Vaults (0/5) D:13
 Depths (0/5) D:15          IceCv (visited)

Altars:
Ashenzari
Elyvilon
Gozag
Hepliaklqana
Makhleb
Nemelex Xobeh
Okawaru
Qazlal
Sif Muna
Trog
Uskayaw
Vehumet
Xom
Yredelemnul
Zin
Jiyva

Shops:
D:11 *   D:12 (   Orc:2 ?*[*[   Snake:1 !

Annotations:
D:10 Maggie
D:14 3 runed translucent doors, Egrijiokh's ghost, adept HuIE
Snake:1 1 runed translucent door, Vidiiot's ghost, adept OgAK
Snake:3 Vashnia


Innate Abilities, Weirdness & Mutations

You do not drink.
Your flesh is vulnerable to fire.
You are immune to poison.
Your flesh is cold resistant. (rC+)
You are immune to negative energy. (rN+++)
You are immune to unholy pain and torment.
You can survive without breathing.
You are in touch with the powers of death.


Message History

Your vampire mosquito bites Vashnia!
Your vampire mosquito draws strength from Vashnia's injuries!
Your vampire mosquito barely misses Vashnia.
Your vampire mosquito misses Vashnia.
Your vampire mosquito closely misses Vashnia.
Your vampire mosquito misses Vashnia.
Vashnia gestures wildly while chanting.
Vashnia magically shoots a bolt.
The bolt hits you!!!
* * * LOW HITPOINT WARNING * * *
The bolt burns you.
* * * LOW HITPOINT WARNING * * *
Your vampire mosquito misses Vashnia.
Your vampire mosquito barely misses Vashnia. x2
Your vampire mosquito completely misses Vashnia.
Your vampire mosquito bites Vashnia!
Your vampire mosquito draws strength from Vashnia's injuries!
Vashnia mumbles some strange words.
Vashnia magically shoots a bolt.
The bolt hits you!!
You die...
Your body glows slightly and disappears.

#... .. .# ..... #.##..
.#. .## .....
..#......#...###
...####......#.. ....##
....#.#........# .....##
.....##.....##.##.....(#
.(..............)......#
#.(.........y...........
..$.......)Ny[!.@.......
..(.#.....)yy..#........
.....[.#[......(........
..#.......[..(......?...
.(...#.......((.#...>...
.....)##.#..)...#.......
......##.#..#>....###..#
....#..#...(#..#### ###
.....#.#..#....#


You could see Vashnia and 4 friendly vampire mosquitoes.

Vanquished Creatures
  Rupert (Lair:4)
  Jorgrun (D:13)
  Gastronok (Lair:2)
  3 nagarajas
  Snorg (D:12)
  Josephine (D:10)
  Harold (D:7)
  7 hydras
  4 naga warriors
  A centaur warrior (D:14)
  3 boulder beetles
  7 anacondas
  2 dancing weapons (D:13)
  A death knight (D:15)
  5 catoblepae
  9 death yaks
  A deep troll shaman (Lair:6)
  Nergalle (Lair:4)
  9 naga sharpshooters
  4 shock serpents
  3 orc high priests (Orc:2)
  A salamander mystic (Snake:3)
  2 unseen horrors (D:13)
  3 harpies (D:12)
  A lindwurm (Lair:6)
  Pikel (D:5)
  3 orc knights
  An orb spider (shapeshifter) (D:13)
  2 mana vipers
  4 oklob plants (Lair:5)
  5 cyclopes
  3 deep elf magi
  5 ugly things
  A manticore (D:15)
  A moth of wrath (Orc:2)
  A centaur zombie (D:13)
  5 salamanders
  A guardian serpent (Snake:2)
  21 black mambas
  An ice statue (IceCv)
  8 naga magi
  11 cane toads
  A gargoyle (D:15)
  An efreet (D:13)
  A rime drake (Lair:1)
  A kobold demonologist (D:13)
  5 komodo dragons
  4 trolls
  12 polar bears
  Prince Ribbit (D:5)
  A harpy skeleton (D:15)
  2 hornets
  11 blink frogs
  5 slime creatures (D:15)
  Sigmund (D:3)
  A centaur simulacrum (D:15)
  A vampire (D:14)
  A water elemental (D:11)
  5 wyverns
  A shadow (D:15)
  8 wraiths
  42 yaks
  5 basilisks
  Grum (D:9)
  A steam dragon (D:4)
  8 vampire mosquitoes
  2 wargs
  An acid dragon (D:15)
  35 nagas
  13 water moccasins
  28 orc warriors
  5 eyes of draining
  6 ice beasts
  5 sky beasts
  5 black bears
  3 phantoms
  11 ogres
  29 wolves
  5 centaurs
  2 necrophages
  4 big kobolds
  19 bullfrogs
  A gnoll sergeant (D:13)
  A water moccasin zombie (D:11)
  4 scorpions
  A wyvern skeleton (D:11)
  6 killer bees (D:13)
  5 wights (D:6)
  5 howler monkeys
  3 electric eels
  8 hounds
  A bullfrog skeleton (D:8)
  A bullfrog zombie (D:12)
  A gnoll shaman (Orc:1)
  7 jellies
  21 orc priests
  2 centaur skeletons
  10 iguanas
  Natasha (thrice) (D:2)
  16 orc wizards
  13 worker ants
  A killer bee zombie (D:8)
  A hound zombie (D:8)
  A hound skeleton (D:11)
  2 worker ant zombies
  12 adders
  11 gnolls
  2 howler monkey skeletons
  A shadow imp (D:8)
  4 white imps
  An ufetubus (D:5)
  An ooze (D:1)
  2 adder zombies
  3 worms
  3 dart slugs
  2 leopard geckos
  99 orcs
  A ball python (D:2)
  11 giant cockroaches
  8 goblins
  4 hobgoblins
  15 jackals
  7 bats
  5 frilled lizards
  2 jackal skeletons
  26 kobolds
  5 rats
779 creatures vanquished.

Vanquished Creatures (collateral kills)
  Frances (D:12)
  A fire giant (D:15)
  A frost giant (IceCv)
  An ettin (Orc:2)
  A death knight (D:12)
  4 two-headed ogres
  A death yak (IceCv)
  2 orc high priests (Orc:2)
  4 skeletal warriors (D:12)
  A phantasmal warrior (D:12)
  An orc knight (Orc:2)
  2 elephants (Lair:6)
  Joseph (D:8)
  3 komodo dragons
  2 freezing wraiths
  A troll (D:9)
  3 polar bears
  4 blink frogs
  3 yaks
  4 wraiths
  A naga (Snake:1)
  2 water moccasins (Lair:4)
  An ice beast (D:12)
  A hornet zombie (D:9)
  2 ogres
  6 orc warriors
  2 wolves
  2 centaurs
  3 wights (D:9)
  An electric eel (D:11)
  3 orc wizards
  7 orc priests
  11 orcs
  A jackal zombie (D:9)
84 creatures vanquished.

Vanquished Creatures (others)
  A polar bear (IceCv)
  A yak (IceCv)
  A black bear (Lair:6)
  A wolf (IceCv)
  An orc wizard (D:11)
  26 fungi
  25 plants
  A withered plant (D:12)
57 creatures vanquished.

Grand Total: 920 creatures vanquished

Notes
Turn   | Place    | Note
-------+----------+-------------------------------------------
     0 | D:1      | Mesmaeker13 the Mummy Necromancer began the quest for the
                  | Orb.
     0 | D:1      | Reached XP level 1. HP: 13/13 MP: 4/4
   321 | D:1      | Reached XP level 2. HP: 18/19 MP: 3/6
  1068 | D:1      | Reached XP level 3. HP: 24/24 MP: 5/7
  1144 | D:2      | Noticed Natasha
  1150 | D:2      | Killed Natasha
  1151 | D:2      | Reached skill level 1 in Shields
  1525 | D:2      | Noticed Natasha
  1533 | D:2      | Killed Natasha
  1534 | D:2      | Reached XP level 4. HP: 26/30 MP: 3/10
  1558 | D:2      | Noticed Natasha
  1565 | D:2      | Killed Natasha
  2236 | D:3      | Noticed Sigmund
  2462 | D:3      | Found a faded altar of an unknown god.
  2499 | D:3      | Reached XP level 5. HP: 27/35 MP: 3/11
  2631 | D:3      | Reached skill level 5 in Necromancy
  3097 | D:4      | Reached XP level 6. HP: 41/41 MP: 9/13
  3138 | D:4      | Found a sparkling altar of Nemelex Xobeh.
  3151 | D:4      | Became a worshipper of Nemelex Xobeh the Trickster
  3704 | D:4      | Reached skill level 5 in Spellcasting
  3741 | D:4      | Noticed a steam dragon
  4033 | D:3      | Learned a level 3 spell: Vampiric Draining
  4038 | D:3      | Learned a level 4 spell: Animate Dead
  4167 | D:3      | Killed Sigmund
  4168 | D:3      | Reached skill level 6 in Necromancy
  4168 | D:3      | Reached XP level 7. HP: 32/46 MP: 1/15
  4325 | D:3      | Found a glowing silver altar of Zin.
  4326 | D:3      | Found an opulent altar of Gozag.
  4798 | D:3      | Found a stormy altar of Qazlal.
  5182 | D:4      | Killed a steam dragon
  5430 | D:4      | Found a shimmering blue altar of Sif Muna.
  5564 | D:5      | Entered Level 5 of the Dungeon
  5581 | D:5      | Found an iron altar of Okawaru.
  5607 | D:5      | Reached skill level 7 in Necromancy
  5780 | D:5      | Found a staircase to the Ecumenical Temple.
  5805 | D:5      | Noticed Pikel
  5828 | D:5      | Killed Pikel
  5829 | D:5      | Reached skill level 8 in Necromancy
  5829 | D:5      | Reached XP level 8. HP: 52/52 MP: 3/18
  6754 | D:6      | Reached skill level 9 in Necromancy
  7518 | D:7      | Reached * piety under Nemelex Xobeh
  7612 | D:7      | Found an iron altar of Okawaru.
  7653 | D:7      | Reached XP level 9. HP: 52/57 MP: 11/21
  8054 | D:7      | Found a basalt altar of Yredelemnul.
  8056 | D:7      | Received a gift from Nemelex Xobeh
  8056 | D:7      | Found a hazy altar of Hepliaklqana.
  8058 | D:7      | Found a radiant altar of Vehumet.
  8059 | D:7      | Found a broken altar of Ashenzari.
  8061 | D:7      | Found a shimmering altar of Xom.
  8061 | D:7      | Found a bloodstained altar of Trog.
  8228 | D:7      | Noticed Harold
  8245 | D:7      | Killed Harold
  8246 | D:7      | Reached skill level 10 in Necromancy
  8900 | D:8      | Reached ** piety under Nemelex Xobeh
  8903 | D:8      | Received a gift from Nemelex Xobeh
  8973 | D:8      | Reached skill level 1 in Invocations
  9092 | D:8      | Found a hide-covered altar of Uskayaw.
  9699 | D:8      | Noticed Joseph
  9722 | D:8      | Killed Joseph
  9723 | D:8      | Reached XP level 10. HP: 39/63 MP: 3/23
  9725 | D:8      | Noticed a two-headed ogre
  9728 | D:8      | Killed a two-headed ogre
 10107 | D:8      | Found a burning altar of Makhleb.
 10268 | D:9      | Noticed Grum
 10298 | D:8      | Reached skill level 11 in Necromancy
 10509 | D:9      | Killed Grum
 10510 | D:9      | Reached skill level 10 in Spellcasting
 10619 | D:8      | Learned a level 5 spell: Agony
 11130 | D:9      | Received a gift from Nemelex Xobeh
 11259 | D:9      | Found a burning altar of Makhleb.
 11259 | D:9      | Found a white marble altar of Elyvilon.
 11261 | D:9      | Found a shimmering blue altar of Sif Muna.
 11261 | D:9      | Found an iron altar of Okawaru.
 11379 | D:9      | Identified Ekuodio's Grimoire of Fetching Venom
 11382 | D:9      | Noticed a catoblepas
 11383 | D:9      | Noticed a deep elf mage
 11418 | D:9      | Killed a catoblepas
 11419 | D:9      | Reached skill level 5 in Dodging
 11495 | D:9      | Killed a deep elf mage
 11600 | D:9      | Got a scorched sapphire amulet
 11611 | D:9      | Noticed a five-headed hydra
 11622 | D:9      | Killed a five-headed hydra
 11623 | D:9      | Reached XP level 11. HP: 68/68 MP: 0/25
 11824 | D:9      | Identified the Compendium of Snow
 11834 | D:9      | Learned a level 5 spell: Borgnjor's Vile Clutch
 12015 | D:10     | Entered Level 10 of the Dungeon
 12090 | D:10     | Noticed Maggie
 12309 | D:10     | Noticed Josephine
 12310 | D:10     | Killed Josephine
 12311 | D:10     | Reached skill level 1 in Earth Magic
 12311 | D:10     | Reached skill level 5 in Invocations
 12536 | D:10     | Reached *** piety under Nemelex Xobeh
 13153 | D:10     | Received a gift from Nemelex Xobeh
 14051 | D:5      | Received a gift from Nemelex Xobeh
 14652 | D:5      | Noticed Prince Ribbit
 14659 | D:5      | Killed Prince Ribbit
 15193 | D:11     | Reached skill level 12 in Necromancy
 15428 | D:11     | Found Esaej's Assorted Antiques.
 15842 | D:11     | Found a staircase to the Lair.
 16430 | D:11     | Noticed a deep elf mage
 16438 | D:11     | Killed a deep elf mage
 17368 | D:11     | Identified the amulet of Noon {Faith Dex+2} (You found it
                  | on level 9 of the Dungeon)
 17381 | D:11     | Found a staircase to the Orcish Mines.
 17383 | D:11     | Reached **** piety under Nemelex Xobeh
 17689 | D:11     | Received a gift from Nemelex Xobeh
 17854 | Lair:1   | Entered Level 1 of the Lair of Beasts
 17875 | Lair:1   | Noticed a seven-headed hydra
 17889 | Lair:1   | Killed a seven-headed hydra
 18028 | Lair:1   | Reached XP level 12. HP: 50/74 MP: 14/26
 18246 | Lair:1   | Found a frozen archway.
 18253 | IceCv    | Entered an ice cave
 18253 | IceCv    | Received a gift from Nemelex Xobeh
 19045 | IceCv    | Reached skill level 1 in Polearms
 19096 | IceCv    | Reached skill level 5 in Earth Magic
 20020 | IceCv    | Noticed a death yak
 20033 | IceCv    | Noticed a death yak
 20034 | IceCv    | Killed a death yak
 20060 | IceCv    | Killed a death yak
 20679 | IceCv    | Noticed a frost giant
 20710 | IceCv    | Killed a frost giant
 20904 | IceCv    | Identified Gemax's Volume of the Frostbite
 21531 | Lair:1   | Received a gift from Nemelex Xobeh
 21819 | Lair:2   | Gained mutation: You are in touch with the powers of death.
                  | [Mummy growth]
 21819 | Lair:2   | Reached XP level 13. HP: 62/79 MP: 11/27
 22407 | Lair:2   | Reached skill level 5 in Polearms
 22599 | Lair:2   | Found a staircase to the Swamp.
 22730 | Lair:2   | Noticed Gastronok
 22747 | Lair:2   | Killed Gastronok
 23065 | Lair:2   | Found a staircase to the Snake Pit.
 23508 | Lair:2   | Received a gift from Nemelex Xobeh
 23964 | Lair:3   | Reached ***** piety under Nemelex Xobeh
 24198 | Lair:3   | You fall into a shaft and drop 2 floors!
 24229 | Lair:5   | Received a gift from Nemelex Xobeh
 24544 | Lair:5   | You fall into a shaft and drop 1 floor!
 24544 | Lair:6   | Entered Level 6 of the Lair of Beasts
 24809 | Lair:6   | Received a gift from Nemelex Xobeh
 25024 | Lair:6   | Reached skill level 10 in Invocations
 25905 | Lair:6   | Received a gift from Nemelex Xobeh
 26236 | Lair:6   | Reached XP level 14. HP: 85/85 MP: 18/28
 26500 | Lair:5   | Found a viscous altar of Jiyva.
 26501 | Lair:5   | Found a staircase to the Slime Pits.
 26848 | Lair:5   | Received a gift from Nemelex Xobeh
 27887 | Lair:5   | Got a twisted scimitar
 27890 | Lair:5   | Got a flickering bronze ring
 27896 | Lair:5   | Identified the ring "Megoiry" {+Blink Stlth-} (You found it
                  | on level 5 of the Lair of Beasts)
 27899 | Lair:5   | Identified the +5 scimitar of Hell's Wrath {freeze, Int+4
                  | Dex+6} (You found it on level 5 of the Lair of Beasts)
 28090 | Lair:4   | Noticed Rupert
 28097 | Lair:4   | Killed Rupert
 28098 | Lair:4   | Reached skill level 1 in Fighting
 28122 | Lair:4   | Noticed Nergalle
 28129 | Lair:4   | Killed Nergalle
 29606 | Lair:4   | Received a gift from Nemelex Xobeh
 30122 | Slime:1  | Entered Level 1 of the Pits of Slime
 30601 | Lair:6   | Received a gift from Nemelex Xobeh
 30859 | Orc:1    | Entered Level 1 of the Orcish Mines
 31106 | Orc:1    | Reached ****** piety under Nemelex Xobeh
 31280 | Orc:2    | Entered Level 2 of the Orcish Mines
 31280 | Orc:2    | Received a gift from Nemelex Xobeh
 31293 | Orc:2    | Found Achefeh's Armour Shop.
 32311 | Orc:2    | Found a staircase to the Elven Halls.
 32375 | Orc:2    | Received a gift from Nemelex Xobeh
 32987 | Orc:2    | Found Teecuic's Antique Armour Shoppe.
 32987 | Orc:2    | Found Qacu's General Store.
 32988 | Orc:2    | Found Duakow's General Store.
 32988 | Orc:2    | Found Jotefen's Magic Scroll Shoppe.
 32999 | Orc:2    | Bought the +5 hand axe of Vanity {pain, Str+2} for 568 gold
                  | pieces
 32999 | Orc:2    | Bought a +2 buckler for 214 gold pieces
 33018 | Orc:2    | Bought a +0 pair of gloves for 58 gold pieces
 33019 | Orc:2    | Bought a runed helmet for 142 gold pieces
 33631 | D:12     | Found the +0 mask of the Dragon {Will+ Slay+3 SInv}
 33841 | D:12     | Noticed Frances
 33865 | D:12     | Killed Frances
 33868 | D:12     | Received a gift from Nemelex Xobeh
 33906 | D:12     | Identified the -2 quarterstaff of Slime {vorpal, *Rage rN+
                  | Will+ Int+2}
 33917 | D:12     | Reached skill level 1 in Axes
 33994 | D:12     | Found Kuam's Antique Weapon Boutique.
 34361 | D:12     | Noticed Snorg
 34383 | D:12     | Reached skill level 5 in Fighting
 34384 | D:12     | Killed Snorg
 34385 | D:12     | Reached skill level 13 in Necromancy
 34385 | D:12     | Reached XP level 15. HP: 86/103 MP: 1/29
 35593 | D:13     | Found a gate to the Vaults.
 36246 | D:13     | Noticed Jorgrun
 36460 | D:13     | Killed Jorgrun
 36461 | D:13     | Reached skill level 10 in Earth Magic
 36537 | D:13     | Received a gift from Nemelex Xobeh
 37509 | D:14     | Noticed a storm dragon
 37509 | D:14     | Noticed Egrijiokh's ghost (adept HuIE)
 37514 | D:14     | Found a runed translucent gate.
 37514 | D:14     | Found a runed translucent gate.
 37514 | D:14     | Found a runed translucent gate.
 37715 | D:15     | Entered Level 15 of the Dungeon
 37778 | D:15     | Noticed a fire giant
 37813 | D:15     | Found a staircase to the Depths.
 37824 | D:15     | Killed a fire giant
 37825 | D:15     | Reached skill level 5 in Shields
 38412 | D:15     | Received a gift from Nemelex Xobeh
 38849 | D:15     | Received a gift from Nemelex Xobeh
 39853 | Lair:1   | Upgraded the game from 0.26-a0-1191-ge2a0e31ab3 to
                  | 0.26-a0-1205-g4083c211ab
 40177 | Snake:1  | Entered Level 1 of the Snake Pit
 40809 | Snake:1  | Found Yliusukk's Distillery.
 41241 | Snake:1  | Received a gift from Nemelex Xobeh
 41706 | Snake:1  | Found a runed translucent door.
 41706 | Snake:1  | Found a shimmering altar of Xom.
 41706 | Snake:1  | Noticed Vidiiot's ghost (adept OgAK)
 41712 | Snake:1  | Received a gift from Nemelex Xobeh
 42469 | Snake:2  | Noticed a nagaraja
 42480 | Snake:2  | Killed a nagaraja
 42681 | Snake:2  | Got a bloodstained leather armour
 42682 | Snake:2  | Identified the cursed +0 leather armour "Earthly Heaven"
                  | {*Slow +Blink +Inv +Fly Slay+3} (You found it on level 2 of
                  | the Snake Pit)
 42808 | Snake:2  | Noticed a nagaraja
 42817 | Snake:2  | Reached skill level 14 in Necromancy
 42824 | Snake:2  | Killed a nagaraja
 43103 | Snake:2  | Received a gift from Nemelex Xobeh
 43306 | Snake:2  | Received a gift from Nemelex Xobeh
 43531 | Snake:2  | Reached XP level 16. HP: 13/109 MP: 25/30
 45898 | Snake:3  | Noticed Vashnia
 46918 | Snake:3  | Shot with a bolt by Vashnia

Illustrated notes

Levels and vault maps discovered:
D:1:      minmay_arrival_nine_rooms, layout_basic
D:2:      layout_basic, serial_curves, eino_curves_04, eino_curves_01,
          uniq_natasha
D:3:      layout_basic, grunt_temple_overflow_gold_and_silver,
          nicolae_qazlal_eye_of_the_storm, chequers_ecumenical_altar_simple,
          uniq_sigmund
D:4:      layout_loops_ring, tgw_sif, nemelex_xobeh_ov_fountains_minmay
D:5:      layout_basic, nicolae_overflow_hidden_temple,
          minmay_temple_entry_offerings, minmay_starry_boxes, uniq_pikel,
          uniq_prince_ribbit1
D:6:      layout_basic
D:7:      layout_loops_ring, grunt_temple_overflow_open, basic_altar,
          uniq_harold
D:8:      layout_basic, overflow_temple_1_default, basic_altar,
          chequers_serial_rivers_large_b, blue_anna_alchemist
          [blue_anna_fruit_fields, blue_anna_fruit_fields], uniq_joseph
D:9:      minmay_the_grid_octo_triangle [minmay_the_grid_octo_teeth,
          minmay_the_grid_octo_prize_single_spiral,
          minmay_the_grid_octo_shrine], layout_cave_pools,
          small_statue_intersection, uniq_grum
D:10:     layout_gridville, uniq_maggie, uniq_josephine
D:11:     layout_stronghold, erik_lair_island, david_orc_1_choice, serial_shops,
          shop
D:12:     layout_loops_ring, serial_shops, kennysheep_mini_moat,
          argonaut_gorgonesque, uniq_frances, uniq_snorg
D:13:     layout_roguey, erik_vaults_1, serial_curves, eino_curves_03,
          eino_curves_01, uniq_jorgrun
D:14:     layout_cave_pools, gammafunk_ghost_split, feat_on_display
D:15:     grunt_enter_depths_giant_problem, layout_stronghold,
          chequers_serial_rivers_micro_c, minmay_statues_item
Lair:1:   layout_gridlike, portal_ice_cave_entry_pillars_1, grunt_megastairs_1
Lair:2:   layout_layer_cave, minmay_swamp_entry_reptiles,
          minmay_snake_entry_guardpost_small, uniq_gastronok
Lair:3:   layout_roguey, serial_bayou_shore_a
Lair:4:   beast_lair_carwin_large_1, layout_regular_city,
          chequers_serial_rivers_micro_b, uniq_nergalle, uniq_rupert
Lair:5:   layout_regular_city, dpeg_slime_entry_enclosed_altar,
          minmay_lair_oklob_chamber, grunt_megastairs_4,
          infiniplex_staircase_pool_2
Lair:6:   grunt_lair_end_beastmaster, layout_gridlike
Snake:1:  layout_chambers, ebering_ghost_xom, serial_shops, shop,
          grunt_ministairs_12, serial_bayou_shore_b, serial_bayou_shore_b
Snake:2:  layout_grid_maze, nicolae_coiled_stairwell_down
Snake:3:  layout_onion_interference, uniq_vashnia
Slime:1:  layout_caves
Orc:1:    layout_caves, nicolae_orc_tapped_out
Orc:2:    st_orc_pillars, layout_caves, serial_shops, nicolae_shop_waterfront

Skill      XL: |  1  2  3  4  5  6  7  8  9 10 11 12 13 14 15 16 |
---------------+-------------------------------------------------+-----
Spellcasting   | 3 4 5 6 8 9 10 | 10.8
Shields        | 1 2 4 6 7 |  7.7
Necromancy     | 5 6 8 9 10 11 12 13 14 | 14.6
Dodging        | 3 5 7 8 9 |  9.5
Invocations    | 1 4 6 8 10 | 10.4
Earth Magic    | 4 6 8 9 10 11 | 11.4
Polearms       | 4 6 7 |  7.0
Fighting       | 5 |  5.1
Axes           | 1 4 |  4.2
Stealth        | |  1.5

Action                   |  1- 3 |  4- 6 |  7- 9 | 10-12 | 13-15 | 16-18 || total
-------------------------+-------+-------+-------+-------+-------+-------++-------
Melee: Unarmed           |    19 |       |       |       |       |       ||    19
       Short sword       |       |    19 |       |       |       |       ||    19
       Trident           |       |     3 |   116 |   399 |   111 |       ||   629
       Scimitar          |       |       |       |       |    98 |       ||    98
       Hand axe          |       |       |       |       |   232 |    30 ||   262
Throw: Dart              |       |     9 |     1 |       |       |       ||    10
       Javelin           |       |       |     5 |     4 |     5 |     1 ||    15
       Throwing net      |       |       |       |     9 |     1 |       ||    10
 Cast: Pain              |    53 |   108 |   132 |   266 |   237 |       ||   796
       Vampiric Draining |       |     4 |    62 |   137 |   125 |    24 ||   352
       Animate Dead      |       |       |     1 |    29 |    65 |     9 ||   104
       Borgnjor's Vile C |       |       |       |    41 |   222 |    52 ||   315
       Agony             |       |       |       |     7 |     4 |       ||    11
Invok: Draw Summoning    |       |       |     1 |    10 |    16 |     2 ||    29
       Draw Destruction  |       |       |       |    22 |    19 |    10 ||    51
       Draw Escape       |       |       |       |     2 |       |       ||     2
Evoke: Wand              |       |       |     2 |    33 |    16 |       ||    51
       Box of beasts     |       |       |       |     2 |     3 |       ||     5
  Use: Scroll            |     3 |     5 |     9 |    10 |    13 |     2 ||    42
 Stab: Sleeping          |       |       |     1 |     2 |     3 |       ||     6
       Paralysed         |       |       |       |    21 |       |       ||    21
       Distracted        |       |       |       |     1 |     3 |       ||     4
       Held in net/web   |       |       |       |     1 |       |       ||     1
       Petrified         |       |       |       |       |     3 |       ||     3
Armor: Robe              |     6 |     2 |       |       |       |       ||     8
       Leather armour    |       |    10 |    41 |   108 |   112 |    16 ||   287
Dodge: Dodged            |    13 |    47 |   139 |   372 |   394 |    40 ||  1005
Block: Buckler           |     2 |    14 |    52 |   181 |   379 |       ||   628
       Reflection        |       |       |       |     1 |    41 |    20 ||    62
       Kite shield       |       |       |       |       |    38 |    88 ||   126
       Rpst.: Scimitar   |       |       |       |       |    22 |       ||    22

Table legend: (Time is in decaauts)
 A = Elapsed time spent in this place.
 B = Non-inter-level travel time spent in this place.
 C = Inter-level travel time spent in this place.
 D = Time resting spent in this place.
 E = Time spent auto-exploring this place.
 F = Levels seen in this place.
 G = Mean time per level.
                   A        B        C        D        E       F      G
               +--------+--------+--------+--------+--------+-----+--------+
         Total |  47281 |  44795 |   2486 |  15321 |  21044 |  28 | 1688.6 |
       Dungeon |  24937 |  23655 |   1282 |   7094 |  11995 |  15 | 1662.5 |
          Lair |  10646 |  10230 |    416 |   2959 |   5862 |   6 | 1774.3 |
     Snake Pit |   6511 |   5855 |    656 |   2608 |   2351 |   3 | 2170.3 |
    Slime Pits |      1 |      1 |      0 |      0 |      0 |   1 |    1.0 |
  Orcish Mines |   2471 |   2340 |    131 |    716 |    833 |   2 | 1235.5 |
      Ice Cave |   2713 |   2713 |      0 |   1944 |      2 |   1 | 2713.0 |
               +--------+--------+--------+--------+--------+-----+--------+

Top non-repeatable levels by time:
 Snake:2: 3823 daAuts
   IceCv: 2713 daAuts
    D:11: 2703 daAuts
  Lair:2: 2412 daAuts
  Lair:6: 2357 daAuts
 Snake:1: 2279 daAuts
  Lair:5: 2190 daAuts
    D:13: 2016 daAuts
     D:9: 1922 daAuts
    D:15: 1900 daAuts
     D:8: 1831 daAuts
     D:4: 1788 daAuts
    D:10: 1766 daAuts
     D:5: 1758 daAuts
    D:12: 1732 daAuts
